 Dungeon Crawl Stone Soup version 0.26-a0-639-g72c4674329 (webtiles) character file.

Game seed: 14110211833248574087

5865 loralnil the Protected (level 10, -9/66 HPs)
             Began as a Gargoyle Fighter on Sept 23, 2020.
             Was a Priest of the Shining One.
             Mangled by a killer bee (10 damage)
             ... on level 9 of the Dungeon.
             The game lasted 00:15:31 (9173 turns).

loralnil the Protected (Gargoyle Fighter)           Turns: 9173, Time: 00:15:32

Health: -9/66      AC: 29    Str: 23    XL:     10   Next: 81%
Magic:  10/10      EV:  6    Int:  9    God:    the Shining One [***...]
Gold:   308        SH: 12    Dex: 15    Spells: 9/9 levels left

rFire    . . .     SeeInvis .   v - +1 flail (protect)
rCold    + . .     Faith    .   c - +0 kite shield
rNeg     + + .     Spirit   .   x - +0 plate armour
rPois    ∞         Reflect  .   (no helmet)
rElec    +         Harm     .   k - +0 cloak {MR+}
rCorr    .         Rampage  .   (no gloves)
MR       +....                  (no boots)
Stlth    ..........             (no amulet)
HPRegen  0.21/turn              l - ring of protection from cold
MPRegen  0.12/turn              p - +6 ring of dexterity

@: protection aura, berserk cooldown, slowed, glowing, very slow
A: negative energy resistance 1, electricity resistance, unbreathing,
petrification resistance, rot immunity, AC +7
a: Divine Shield, Renounce Religion


You were on level 9 of the Dungeon.
You worshipped the Shining One.
The Shining One was most pleased with you.
You visited 1 branch of the dungeon, and saw 9 of its levels.
You also visited: Bailey.

You collected 457 gold pieces.
You spent 149 gold pieces at shops.

Inventory:

Hand Weapons
 v - a +1 flail of protection (weapon)
Armour
 c - a +0 kite shield (worn)
 k - a +0 cloak of magic resistance (worn)
 x - a +0 plate armour (worn)
Jewellery
 l - a ring of protection from cold (left hand)
 m - an uncursed ring of protection from cold
 p - a +6 ring of dexterity (right hand)
 w - a +6 ring of strength {unknown}
 y - a +4 ring of slaying {unknown}
Wands
 d - a wand of paralysis (8)
 B - a wand of polymorph (9)
Scrolls
 a - 2 scrolls of enchant weapon {unknown}
 f - a scroll of noise {unknown}
 g - 3 scrolls of enchant armour {unknown}
 h - 4 scrolls of amnesia {unknown}
 i - 8 scrolls of teleportation {unknown}
 j - 2 scrolls of fog {unknown}
 q - 2 scrolls of magic mapping {unknown}
 r - 8 scrolls of remove curse {unknown}
 u - a scroll of fear {unknown}
 A - a scroll of brand weapon {unknown}
Potions
 e - a potion of magic
 n - a potion of mutation
 s - 4 potions of curing
 t - 2 potions of heal wounds
 z - a potion of haste {unknown}


   Skills:
 + Level 9.3 Fighting
 + Level 8.3 Maces & Flails
 + Level 9.3 Armour
 + Level 9.3 Shields


You had 9 spell levels left.
You didn't know any spells.
Your spell library contained the following spells:

 Spells                   Type           Power        Failure   Level
 Summon Small Mammal      Summ           #...         100%        1
 Call Imp                 Summ           #.......     100%        2
 Call Canine Familiar     Summ           #.......     100%        3
 Summon Guardian Golem    Hex/Summ       #.......     100%        3
 Summon Ice Beast         Ice/Summ       #.......     100%        4
 Summon Lightning Spire   Summ/Air       #.......     100%        4


Dungeon Overview and Level Annotations

Branches:
Dungeon (9/15)             Temple (0/1) D:7            Lair (0/6) D:9
    Orc (0/2) D:9          Bailey (visited)

Altars:
Fedhas
Kikubaaqudgha
Makhleb
Qazlal
Vehumet
Xom
Yredelemnul
Zin
The Shining One

Shops:
D:6 (   D:7 :[   D:9 [[(

Annotations:
D:7 Prince Ribbit
D:9 Erica


Innate Abilities, Weirdness & Mutations

You are resistant to torment.
Your stone body is resilient. (AC +7)
You are immune to poison.
You resist negative energy. (rN+)
You are resistant to electric shocks. (rElec)
You can survive without breathing.
You are immune to petrification.
You are immune to rotting.


Message History

The killer bee stings you but does no damage. x2
The killer bee rages.
You block the killer bee's attack.
You hear an angry buzzing noise.
The killer bee stings you!
* * * LOW HITPOINT WARNING * * *
The killer bee closely misses you.
A killer bee comes into view.
You block the killer bee's attack. x2
You block the killer bee's attack. The killer bee stings you.
* * * LOW HITPOINT WARNING * * *
The killer bee barely misses you.
You thump the killer bee!
Your weapon exudes an aura of protection.
The killer bee is severely wounded.
You block the killer bee's attack. The killer bee stings you!
* * * LOW HITPOINT WARNING * * *
The killer bee stings you but does no damage.
The killer bee stings you!
You die...

...####...# #..# #.#y†yy!#
##...##.### ##.###.y†.†..#
.###....# #...#y#
.##.....##### ##yyy#
...!........## #yyy### ###
#.#..........# #yy#..# #.#
#.............##y###.###.##
÷.............##y# #......#
##............##@# ####.#.#
#............##.# #...#
##.#...##...#..#.# ###.##
...##### #####.... #..#
..## #### #..# ..## #. #..#
...# #.#####..# ......
#........# ..###.#.#.
#........#


You could see a queen bee and 10 killer bees.

Vanquished Creatures
  Harold (D:9)
  An elephant (D:9)
  The ghost of Apogee the Magician, a novice DEIE (D:5)
  A hippogriff (D:9)
  6 yaks (D:9)
  A basilisk (D:9)
  Edmund (D:5)
  2 ice beasts
  2 orc warriors (D:9)
  2 sky beasts
  A black bear (D:9)
  6 ogres
  2 phantoms
  2 centaurs
  A crocodile (D:9)
  4 bullfrogs
  3 scorpions
  2 killer bees (D:9)
  3 wights (D:6)
  A howler monkey (D:4)
  5 hounds
  2 quasits (D:9)
  3 bullfrog zombies
  A centaur zombie (D:8)
  An orc priest (D:4)
  4 iguanas
  3 orc wizards
  8 worker ants
  A hound zombie (D:4)
  A howler monkey zombie (D:5)
  7 adders
  7 gnolls
  3 howler monkey skeletons
  A shadow imp (D:6)
  3 white imps
  2 ufetubi
  3 oozes
  3 worms
  5 dart slugs
  5 leopard geckos
  26 orcs
  4 giant cockroaches
  9 goblins
  9 hobgoblins
  6 kobolds
  4 quokkas
  A ball python (D:1)
  7 bats
  4 frilled lizards
  A leopard gecko zombie (D:7)
  2 quokka skeletons
  5 rats
189 creatures vanquished.

Vanquished Creatures (others)
  2 fungi (D:9)
  3 plants
5 creatures vanquished.

Grand Total: 194 creatures vanquished

Notes
Turn   | Place    | Note
-------+----------+-------------------------------------------
     0 | D:1      | loralnil the Gargoyle Fighter began the quest for the Orb.
     0 | D:1      | Reached XP level 1. HP: 14/14 MP: 1/1
    93 | D:1      | Reached XP level 2. HP: 19/19 MP: 2/2
   497 | D:1      | Reached XP level 3. HP: 15/23 MP: 3/3
  1522 | D:2      | Reached XP level 4. HP: 29/29 MP: 4/4
  1707 | D:3      | Reached XP level 5. HP: 10/33 MP: 5/5
  2678 | D:4      | Reached XP level 6. HP: 25/39 MP: 6/6
  2898 | D:4      | Found an ancient bone altar of Kikubaaqudgha.
  2898 | D:4      | Found a blossoming altar of Fedhas.
  3182 | D:4      | Found a glowing golden altar of the Shining One.
  3239 | D:4      | Became a worshipper of the Shining One
  3288 | D:4      | Reached skill level 5 in Fighting
  3383 | D:4      | Reached skill level 5 in Armour
  3383 | D:4      | Reached skill level 5 in Shields
  3383 | D:4      | Reached XP level 7. HP: 42/44 MP: 7/7
  3774 | D:5      | Entered Level 5 of the Dungeon
  3781 | D:5      | Found a basalt altar of Yredelemnul.
  4508 | D:5      | Noticed Edmund
  4533 | D:5      | Killed Edmund
  4533 | D:5      | Reached XP level 8. HP: 48/51 MP: 8/8
  4579 | D:5      | Found a runed translucent gate.
  4579 | D:5      | Found a runed translucent gate.
  4579 | D:5      | Found a runed translucent gate.
  4579 | D:5      | Noticed Apogee's ghost (novice DEIE)
  4595 | D:5      | Killed Apogee's ghost
  4595 | D:5      | Reached skill level 5 in Maces & Flails
  4847 | D:5      | Found a burning altar of Makhleb.
  4848 | D:5      | Noticed a green death
  4852 | D:5      | Found a glowing silver altar of Zin.
  4852 | D:5      | Noticed an angel
  4983 | D:6      | Reached * piety under the Shining One
  5251 | D:6      | Found Fionly's Antique Weapon Shoppe.
  5522 | D:6      | Reached XP level 9. HP: 48/56 MP: 9/9
  6239 | D:7      | Found Gutsar's Armour Shoppe.
  6271 | D:7      | Found a flagged portal.
  6287 | Bailey   | Entered a bailey
  6287 | Bailey   | Noticed an orc knight
  6744 | D:7      | Found Zedyessika's Book Boutique.
  6843 | D:7      | Found a staircase to the Ecumenical Temple.
  6901 | D:7      | Reached ** piety under the Shining One
  7021 | D:7      | Noticed Prince Ribbit
  7695 | D:8      | Found a stormy altar of Qazlal.
  8351 | D:9      | Found a radiant altar of Vehumet.
  8359 | D:9      | Noticed an elephant
  8360 | D:9      | Found a staircase to the Lair.
  8374 | D:9      | Killed an elephant
  8374 | D:9      | Reached XP level 10. HP: 28/65 MP: 10/10
  8833 | D:9      | Found Eceack's Armour Emporium.
  8840 | D:9      | Bought a +0 cloak of magic resistance for 149 gold pieces
  8886 | D:9      | Found a shimmering altar of Xom.
  8887 | D:9      | Found a shimmering altar of Xom.
  8889 | D:9      | Found a shimmering altar of Xom.
  8889 | D:9      | Found a shimmering altar of Xom.
  8889 | D:9      | Noticed Erica
  8947 | D:9      | Found a shimmering altar of Xom.
  8950 | D:9      | Found a shimmering altar of Xom.
  8950 | D:9      | Found a shimmering altar of Xom.
  8950 | D:9      | Found a shimmering altar of Xom.
  9050 | D:9      | Found Siat's Weapon Boutique.
  9064 | D:9      | Found a staircase to the Orcish Mines.
  9095 | D:9      | Found Kekleh's Armour Boutique.
  9108 | D:9      | Reached *** piety under the Shining One
  9139 | D:9      | Noticed Harold
  9151 | D:9      | Killed Harold
  9173 | D:9      | HP: 1/66 [killer bee (10)]
  9173 | D:9      | Mangled by a killer bee

Illustrated notes

Levels and vault maps discovered:
D:1:      sevenhm_arrival_forest_fort_large_4, layout_basic
D:2:      layout_basic
D:3:      layout_loops_ring, serial_glass, glass_columns_a, glass_columns_c,
          glass_columns_b, glass_columns_c, glass_columns_b, item_on_display_b,
          item_on_display_a
D:4:      layout_basic, grunt_temple_overflow_growth_and_decay, tso_metal_star,
          grunt_ministairs_9, palyth_stone_intersect
D:5:      layout_basic, grunt_temple_overflow_order_and_chaos_2, basic_altar,
          gammafunk_ghost_necromancy, uniq_edmund
D:6:      layout_cave_pods, serial_shops, nicolae_shop_window_shopping
D:7:      layout_cave_pods, minmay_temple_entry_grid, serial_shops, shop_statue,
          shop, enter_bailey_3, uniq_prince_ribbit1
D:8:      layout_cave_pods, old_standard_altar, minmay_misc_feat_tower
D:9:      layout_rooms, lemuel_crystal_altar, david_lair_generic, orc_david_3,
          serial_shops, kennysheep_mini_moat, special_room [special_room_bee],
          xom_shifter_show, uniq_erica, uniq_harold

Skill      XL: |  1  2  3  4  5  6  7  8  9 10 |
---------------+-------------------------------+-----
Fighting       | 4 5 6 8 9 |  9.3
Armour         | 4 5 6 8 9 |  9.3
Shields        | 4 5 6 8 9 |  9.3
Maces & Flails | 3 4 5 7 8 |  8.3

Action                   |  1- 3 |  4- 6 |  7- 9 | 10-12 || total
-------------------------+-------+-------+-------+-------++-------
Melee: Flail             |    96 |   188 |   413 |   172 ||   869
  Use: Scroll            |     1 |       |     8 |       ||     9
       Potion            |       |       |     1 |     2 ||     3
Armor: Scale mail        |    62 |   101 |   220 |    75 ||   458
       Plate armour      |       |       |       |    57 ||    57
Dodge: Dodged            |    39 |    55 |   122 |    46 ||   262
Block: Kite shield       |    63 |    96 |   255 |   153 ||   567

Table legend: (Time is in decaauts)
 A = Elapsed time spent in this place.
 B = Non-inter-level travel time spent in this place.
 C = Inter-level travel time spent in this place.
 D = Time resting spent in this place.
 E = Time spent auto-exploring this place.
 F = Levels seen in this place.
 G = Mean time per level.
                   A        B        C        D        E       F      G
               +--------+--------+--------+--------+--------+-----+--------+
         Total |   9347 |   9107 |    240 |    454 |   6774 |  10 |  934.7 |
       Dungeon |   9229 |   8989 |    240 |    364 |   6774 |   9 | 1025.4 |
        Bailey |    118 |    118 |      0 |     90 |      0 |   1 |  118.0 |
               +--------+--------+--------+--------+--------+-----+--------+

Top non-repeatable levels by time:
     D:4: 1691 daAuts
     D:6: 1204 daAuts
     D:7: 1162 daAuts
     D:9: 1053 daAuts
     D:1: 1001 daAuts
     D:3: 980 daAuts
     D:5: 772 daAuts
     D:8: 705 daAuts
     D:2: 657 daAuts
  Bailey: 118 daAuts
